 Dungeon Crawl Stone Soup version 0.31.0-11-ge490571c62 (webtiles) character file.

Game seed: 17465077988500445370

146 qw the Skirmisher (level 5, -2/29 HPs)
             Began as a Deep Elf Hunter on Feb 3, 2024.
             Slain by an orc wizard
             ... wielding a +1 dagger of flaming
              (3 damage)
             ... on level 3 of the Dungeon.
             The game lasted 00:00:06 (1919 turns).

qw the Skirmisher (Deep Elf Hunter)                 Turns: 1919, Time: 00:00:07

Health: -2/29      AC:  7    Str: 10    XL:     5   Next: 7%
Magic:  7/7        EV: 11    Int: 14    God:
Gold:   66         SH:  0    Dex: 18    Spells: 4/4 levels left

rFire   . . .        a - +0 shortbow
rCold   . . .        (shield currently unavailable)
rNeg    . . .        k - +0 ring mail
rPois   .            (no helmet)
rElec   .            i - +0 cloak
rCorr   .            b - +0 pair of gloves
SInv    .            (no boots)
Will    .....        (no amulet) Stlth
                     (no ring)
HPRegen 0.24/turn    (no ring)
MPRegen 0.10/turn

%: no passive effects
@: confused
A: no striking features
a: no special abilities


You were on level 3 of the Dungeon.
You visited 1 branch of the dungeon, and saw 3 of its levels.

You collected 115 gold pieces.
You spent 49 gold pieces at shops.


   Skills:
 - Level 1.5 Fighting
 + Level 8.5 Ranged Weapons
 - Level 2.4 Dodging
 - Level 1.2 Stealth


You had 4 spell levels left.
You didn't know any spells.
Your spell library was empty.

Inventory:

Hand Weapons
 a - a +0 shortbow (weapon)
Armour
 b - a +0 pair of gloves (worn)
 i - a +0 cloak (worn)
 k - a +0 ring mail (worn)
Jewellery
 d - a ring of fire
Scrolls
 e - a scroll of teleportation
Potions
 g - 2 potions of enlightenment
 j - a potion of degeneration {unknown}
 l - a potion of ambrosia {unknown}
 m - a potion of attraction {unknown}

Dungeon Overview and Level Annotations

Branches:
Dungeon (3/15)

Altars:

Shops:
D:2 *


Message History

You feel less confused. Something hits you. Something burns you.
Something hits you. Something burns you.
You shoot an arrow. Something hits you but does no damage.
You shoot an arrow.
You feel yourself speed up. Something hits you but does no damage.
You hear some strange, mumbled words.
Something tries to affect you, but you resist.
You shoot an arrow.
You hear some strange, mumbled words.
You are confused.
You shoot an arrow.
An orc wizard appears from thin air!
Reactivating autopickup.
The orc wizard misses you.
The orc wizard hits you but does no damage.
The orc wizard points at you and mumbles some strange words.
You are more confused.
The orc wizard closely misses you. The orc wizard casts a spell at you.
You are more confused.
The orc wizard points at you and mumbles some strange words.
You are more confused.
The orc wizard mumbles some strange words.
The orc wizard flickers and vanishes!
Deactivating autopickup; reactivate with Ctrl-A.
You shoot an arrow. Something hits you but does no damage.
You shoot an arrow. Something hits you but does no damage.
You shoot an arrow.
You recover from your berserk rage.
Something hits you. Something burns you.
You shoot an arrow. Something hits you. Something burns you.
You shoot an arrow. Something hits you but does no damage. Something hits you.
You die...

##.# #.# ...# #.# ...### #.#
.....####### ####.#
...#........ ..##.#
##..######## #.##.# #.#.#
#.##.#
##...###########.##.#.#
................@...#.#
#.##.###########{####.#
..#.## ####.# .# .#.##
#...)####.# .###
#####..#....#.# .#
#.........<.#.# .#
#.###.........#
.########.###..####.########
.............).# #.........


There were no monsters in sight!

Vanquished Creatures
  A scorpion (D:2)
  An orc priest (D:3)
  A ribbon worm (D:2)
  2 orcs (D:3)
  9 endoplasms
  A giant cockroach (D:2)
  4 goblins
  6 hobgoblins
  2 jackals (D:1)
  4 kobolds
  4 quokkas
  4 ball pythons
  4 bats
  3 frilled lizards (D:1)
  3 rats
49 creatures vanquished.

Notes
Turn   | Place    | Note
-------+----------+-------------------------------------------
     0 | D:1      | qw the Deep Elf Hunter began the quest for the Orb.
     0 | D:1      | Reached XP level 1. HP: 12/12 MP: 3/3
     0 | D:1      | 0 ||| qw: Version: 0.3-a-158-g18b3111
     0 | D:1      | 0 ||| qw: Game counter: 4209
     0 | D:1      | 0 ||| qw: Melee chars always use a shield: true
     0 | D:1      | 0 ||| qw: God list: Okawaru
     0 | D:1      | 0 ||| qw: Allow faded altars: false
     0 | D:1      | 0 ||| qw: Do Orc after clearing Dungeon:15 true
     0 | D:1      | 0 ||| qw: Do second Lair branch before Depths: true
     0 | D:1      | 0 ||| qw: Lair rune preference: random
     0 | D:1      | 0 ||| qw: Goals: Normal
     0 | D:1      | 0 ||| PLANNING D:1-11
   115 | D:1      | Reached XP level 2. HP: 16/16 MP: 4/4
   128 | D:1      | Reached skill level 6 in Ranged Weapons
   605 | D:1      | Reached XP level 3. HP: 20/20 MP: 5/5
   779 | D:1      | 779 ||| DROPPING ring of flight.
   780 | D:1      | 780 ||| READING 3 scrolls labelled KAUSYA YTAJ.
   784 | D:1      | 784 ||| DROPPING scroll of butterflies.
   866 | D:2      | Found a faded altar of an unknown god.
  1096 | D:2      | Noticed a scorpion
  1103 | D:2      | Killed a scorpion
  1104 | D:2      | Reached skill level 7 in Ranged Weapons
  1104 | D:2      | Reached XP level 4. HP: 9/25 MP: 6/6
  1174 | D:2      | Found Hobiddop's General Store.
  1184 | D:2      | 1184 ||| BUYING +0 cloak (49 gold).
  1184 | D:2      | Bought a +0 cloak for 49 gold pieces
  1315 | D:2      | Reached skill level 8 in Ranged Weapons
  1521 | D:2      | 1521 ||| UPGRADING to +0 pair of gloves.
  1526 | D:2      | 1526 ||| UPGRADING to +0 cloak.
  1531 | D:2      | 1531 ||| UPGRADING to +0 ring mail.
  1541 | D:2      | 1541 ||| DROPPING +0 leather armour.
  1542 | D:2      | 1542 ||| DRINKING 3 fuming pink potions.
  1601 | D:3      | HP: 6/25 [orc priest/+0 hand axe (2)]
  1602 | D:3      | 1602 ||| READING 2 scrolls of teleportation.
  1604 | D:3      | Reached XP level 5. HP: 8/29 MP: 7/7
  1881 | D:3      | 1881 ||| DRINKING puce potion.
  1885 | D:3      | 1885 ||| Stepping randomly (disturbance).
  1887 | D:3      | 1887 ||| DRINKING fuming white potion.
  1904 | D:3      | HP: 6/29 [something (3)]
  1904 | D:3      | HP: 2/29 [something (2)]
  1917 | D:3      | HP: 4/29 [something (1)]
  1918 | D:3      | HP: 1/29 [something (1)]
  1919 | D:3      | Slain by an orc wizard

Levels and vault maps discovered:
D:1:      erik_arrival_triangle_small, layout_basic
D:2:      layout_basic, shapermc_ecumenical_altar_starsandcircs, serial_shops,
          shop, minmay_tetromino_o4
D:3:      layout_loops_ring, uniq_grinder

Skill      XL: |  1  2  3  4 |
---------------+-------------+-----
Ranged Weapons | 6 7 8 |  8.5
Fighting       | |  1.5
Dodging        | |  2.4
Stealth        | |  1.2

Action                     |  1- 3 |  4- 6 || total
---------------------------+-------+-------++-------
   Fire: Shortbow          |    99 |    56 ||   155
    Use: Scroll            |     1 |     1 ||     2
         Potion            |       |     3 ||     3
 Armour: Leather armour    |    11 |       ||    11
         Ring mail         |       |    32 ||    32
  Dodge: Dodged            |    11 |     6 ||    17

Table legend:
 A = Non-vault XP
 B = Vault XP
 C = Vault XP percentage of total XP
 D = Non-vault monster count
 E = Vault monster count
 F = Vault count percentage of total count
                 A         B        C        D         E       F
            +---------+---------+-------+---------+---------+-------
      Total |     201 |       8 |   3.8 |      46 |       3 |   6.1
            +---------+---------+-------+---------+---------+-------
        D:1 |      43 |       0 |   0.0 |      25 |       0 |   0.0
        D:2 |     109 |       8 |   6.8 |      15 |       3 |  16.7
        D:3 |      49 |       0 |   0.0 |       6 |       0 |   0.0
            +---------+---------+-------+---------+---------+-------
